| TOP OF THE 1ST |
|
Miami (APP) Marlins batting - Pitching for Kingsport Mets : RHP Emanuel Anochondo
|
|
Pitching: RHP Emanuel Anochondo
|
|
|
Batting: RHB Torquato Uso
|
0-0: Ball 1-0: Called Strike 1-1: DOUBLE (Line Drive, 5D, EV 95.6 MPH)
|
|
Batting: RHB Kazumi Inouye
|
0-0: Ground out 4-3 (Groundball, 4, EV 77.5 MPH) Torquato Uso to third
|
|
Batting: RHB Clark Meagher
|
0-0: Called Strike 0-1: Foul Ball, location: 2F 0-2: Ball 1-2: Strikes out looking
|
|
Batting: LHB Tony Olmos
|
0-0: Called Strike 0-1: Ball 1-1: Ball 2-1: Swinging Strike 2-2: Strikes out swinging
|
| Top of the 1st over - 0 runs, 1 hit, 0 errors, 1 left on base; Miami (APP) 0 - Kingsport 0 |
| BOTTOM OF THE 1ST |
|
Kingsport Mets batting - Pitching for Miami (APP) Marlins : RHP Leon Valle
|
|
Pitching: RHP Leon Valle
|
|
|
Batting: RHB Eric Zylstra
|
0-0: Ball 1-0: Ground out U3 (Groundball, 34S, EV 86.2 MPH)
|
|
Batting: SHB Josh Thomson
|
0-0: Ball 1-0: Ball 2-0: Ball 3-0: Base on Balls
|
|
Batting: RHB Dan Muse
|
0-0: Foul Ball, location: 2F 0-1: Foul Ball, location: 2F 0-2: Ball 1-2: Foul Ball, location: 2F 1-2: Foul Ball, location: 2F 1-2: SINGLE (Groundball, 6M, EV 107.5 MPH) (infield hit) Josh Thomson to second
|
|
Batting: RHB Craig Alvarado
|
0-0: DOUBLE (Line Drive, 89D, EV 112.5 MPH) Josh Thomson scores Dan Muse to third
|
|
Batting: RHB Chris Artz
|
0-0: Called Strike 0-1: Ball 1-1: Fly out, F8 (Flyball, 8RD, EV 101.9 MPH)
|
|
Batting: RHB Warren Carmichael
|
0-0: Foul Ball, location: 2F 0-1: Called Strike 0-2: Foul Ball, location: 2F 0-2: Ball 1-2: Foul Ball, location: 2F 1-2: Strikes out swinging
|
| Bottom of the 1st over - 1 run, 2 hits, 0 errors, 2 left on base; Miami (APP) 0 - Kingsport 1 |
| TOP OF THE 2ND |
|
Miami (APP) Marlins batting - Pitching for Kingsport Mets : RHP Emanuel Anochondo
|
|
Batting: RHB David Martin
|
0-0: Called Strike 0-1: Ball 1-1: Ball 2-1: Called Strike 2-2: Foul Ball, location: 2F 2-2: Strikes out swinging
|
|
Batting: RHB Axel Moltke
|
0-0: Foul Ball, location: 2F 0-1: Called Strike 0-2: Strikes out swinging
|
|
Batting: RHB Francisco Valenzuela
|
0-0: Foul Ball, location: 2F 0-1: Fly out, F8 (Flyball, 8RM, EV 87.5 MPH)
|
| Top of the 2nd over - 0 runs, 0 hits, 0 errors, 0 left on base; Miami (APP) 0 - Kingsport 1 |
| BOTTOM OF THE 2ND |
|
Kingsport Mets batting - Pitching for Miami (APP) Marlins : RHP Leon Valle
|
|
Batting: RHB Artyom Shavkunov
|
0-0: Ball 1-0: Foul Ball, location: 2F 1-1: SINGLE (Groundball, 56S, EV 72.5 MPH) (infield hit)
|
|
Batting: LHB Randolph Brodbeck
|
0-0: Called Strike 0-1: Foul Ball, location: 2F 0-2: Reaches on Catchers interference Artyom Shavkunov to second
|
|
Batting: LHB Rick Vallis
|
0-0: Swinging Strike 0-1: Foul Ball, location: 2F 0-2: Ball 1-2: Ball 2-2: Ball 3-2: Strikes out looking
|
|
Batting: RHB Eric Zylstra
|
0-0: Called Strike 0-1: Called Strike 0-2: Foul Ball, location: 2F 0-2: Ball 1-2: Ball 2-2: Ball 3-2: DOUBLE (Groundball, 5L, EV 95.0 MPH) Artyom Shavkunov scores Randolph Brodbeck to third Runner from 3rd tries for Home, SAFE, throw by LF to home
|
|
Batting: SHB Josh Thomson
|
0-0: Ground out 4-3 (Groundball, 4, EV 83.1 MPH) Eric Zylstra to third
|
|
Batting: RHB Dan Muse
|
0-0: Called Strike 0-1: Called Strike 0-2: Ground out 5-3 (Groundball, 5S, EV 70.0 MPH)
|
| Bottom of the 2nd over - 2 runs, 2 hits, 1 error, 1 left on base; Miami (APP) 0 - Kingsport 3 |
| TOP OF THE 3RD |
|
Miami (APP) Marlins batting - Pitching for Kingsport Mets : RHP Emanuel Anochondo
|
|
Batting: RHB Aaron Mamer
|
0-0: Ball 1-0: Swinging Strike 1-1: Ball 2-1: Foul Ball, location: 2F 2-2: Strikes out swinging
|
|
Batting: RHB Hektor Luvian
|
0-0: Called Strike 0-1: Foul Ball, location: 2F 0-2: Strikes out looking
|
|
Batting: RHB Torquato Uso
|
0-0: Called Strike 0-1: Foul Ball, location: 2F 0-2: Foul Ball, location: 2F 0-2: Ground out 1-3 (Groundball, 15S, EV 69.4 MPH)
|
| Top of the 3rd over - 0 runs, 0 hits, 0 errors, 0 left on base; Miami (APP) 0 - Kingsport 3 |
| BOTTOM OF THE 3RD |
|
Kingsport Mets batting - Pitching for Miami (APP) Marlins : RHP Leon Valle
|
|
Batting: RHB Craig Alvarado
|
0-0: Called Strike 0-1: Ball 1-1: Foul Ball, location: 2F 1-2: Strikes out looking
|
|
Batting: RHB Chris Artz
|
0-0: Ball 1-0: Called Strike 1-1: Ball 2-1: Ball 3-1: Base on Balls
|
|
Batting: RHB Warren Carmichael
|
0-0: Ball 1-0: Ground out 5-3 (Groundball, 56S, EV 76.2 MPH) Chris Artz to second
|
|
Batting: RHB Artyom Shavkunov
|
0-0: Ball 1-0: Ball 2-0: Called Strike 2-1: Ground out 6-3 (Groundball, 6, EV 101.9 MPH)
|
| Bottom of the 3rd over - 0 runs, 0 hits, 0 errors, 1 left on base; Miami (APP) 0 - Kingsport 3 |
| TOP OF THE 4TH |
|
Miami (APP) Marlins batting - Pitching for Kingsport Mets : RHP Emanuel Anochondo
|
|
Batting: RHB Kazumi Inouye
|
0-0: Ball 1-0: Ground out U3 (Groundball, 34, EV 101.9 MPH)
|
|
Batting: RHB Clark Meagher
|
0-0: Swinging Strike 0-1: Foul Ball, location: 2F 0-2: Ball 1-2: Ball 2-2: DOUBLE (Flyball, 78XD, EV 104.4 MPH)
|
|
Batting: LHB Tony Olmos
|
0-0: Ball 1-0: Ball 2-0: Foul Ball, location: 2F 2-1: Ground out 4-3 (Groundball, 34, EV 98.8 MPH) Clark Meagher to third
|
|
Batting: RHB David Martin
|
0-0: Ball 1-0: Ball 2-0: Ball 3-0: Called Strike 3-1: Base on Balls
|
|
Batting: RHB Axel Moltke
|
0-0: Ball 1-0: Swinging Strike 1-1: Foul Ball, location: 2F 1-2: Ball 2-2: Strikes out swinging
|
| Top of the 4th over - 0 runs, 1 hit, 0 errors, 2 left on base; Miami (APP) 0 - Kingsport 3 |
| BOTTOM OF THE 4TH |
|
Kingsport Mets batting - Pitching for Miami (APP) Marlins : RHP Leon Valle
|
|
Batting: LHB Randolph Brodbeck
|
0-0: Ball 1-0: Fly out, F7 (Flyball, 7, EV 95.0 MPH)
|
|
Batting: LHB Rick Vallis
|
0-0: Foul Ball, location: 2F 0-1: Ball 1-1: Ball 2-1: Ball 3-1: Foul Ball, location: 2F 3-2: Strikes out swinging
|
|
Batting: RHB Eric Zylstra
|
0-0: Ball 1-0: Ball 2-0: Foul Ball, location: 2F 2-1: Ground out 5-3 (Groundball, 56S, EV 62.5 MPH)
|
| Bottom of the 4th over - 0 runs, 0 hits, 0 errors, 0 left on base; Miami (APP) 0 - Kingsport 3 |
| TOP OF THE 5TH |
|
Miami (APP) Marlins batting - Pitching for Kingsport Mets : RHP Emanuel Anochondo
|
|
Batting: RHB Francisco Valenzuela
|
0-0: Ball 1-0: Foul Ball, location: 2F 1-1: Ball 2-1: Called Strike 2-2: Strikes out swinging
|
|
Batting: RHB Aaron Mamer
|
0-0: Ball 1-0: Foul Ball, location: 2F 1-1: Called Strike 1-2: Ground out 6-3 (Groundball, 6, EV 84.4 MPH)
|
|
Batting: RHB Hektor Luvian
|
0-0: Ball 1-0: Foul Ball, location: 2F 1-1: Fly out, F3 (Popup, 3S, EV 80.0 MPH)
|
| Top of the 5th over - 0 runs, 0 hits, 0 errors, 0 left on base; Miami (APP) 0 - Kingsport 3 |
| BOTTOM OF THE 5TH |
|
Kingsport Mets batting - Pitching for Miami (APP) Marlins : RHP Leon Valle
|
|
Batting: SHB Josh Thomson
|
0-0: Ball 1-0: Ball 2-0: Foul Ball, location: 2F 2-1: Ball 3-1: SINGLE (Groundball, 4MD, EV 107.5 MPH)
|
|
Batting: RHB Dan Muse
|
0-0: Called Strike Josh Thomson is caught stealing 2nd base 2-4 0-1: Called Strike 0-2: Strikes out swinging
|
|
Batting: RHB Craig Alvarado
|
0-0: Ball 1-0: Foul Ball, location: 2F 1-1: Foul Ball, location: 2F 1-2: Strikes out looking
|
| Bottom of the 5th over - 0 runs, 1 hit, 0 errors, 0 left on base; Miami (APP) 0 - Kingsport 3 |
| TOP OF THE 6TH |
|
Miami (APP) Marlins batting - Pitching for Kingsport Mets : RHP Emanuel Anochondo
|
|
Batting: RHB Torquato Uso
|
0-0: Fly out, F9 (Line Drive, 9, EV 92.5 MPH)
|
|
Batting: RHB Kazumi Inouye
|
0-0: Called Strike 0-1: SINGLE (Groundball, 56D, EV 95.0 MPH)
|
|
Batting: RHB Clark Meagher
|
0-0: Ball 1-0: 2-RUN HOME RUN (Flyball, 9LD, EV 95.0 MPH), Distance : 352 ft
|
|
Batting: LHB Tony Olmos
|
0-0: DOUBLE (Line Drive, 7LS, EV 92.5 MPH)
|
|
Batting: RHB David Martin
|
0-0: Ball 1-0: SINGLE (Groundball, 56D, EV 102.5 MPH) Tony Olmos to third Runner from 3rd tries for Home, SAFE, throw by LF to home
|
|
Batting: RHB Axel Moltke
|
0-0: Ball 1-0: Ball 2-0: Ball 3-0: Called Strike 3-1: Foul Ball, location: 2F 3-2: Strikes out looking
|
|
Pitching: RHP Mike Whitaker
|
|
|
Batting: RHB Francisco Valenzuela
|
0-0: Hit by Pitch David Martin to second
|
|
Batting: RHB Aaron Mamer
|
0-0: Called Strike 0-1: Foul Ball, location: 2F 0-2: Ground out U3 (Groundball, 3, EV 91.2 MPH)
|
| Top of the 6th over - 3 runs, 4 hits, 0 errors, 2 left on base; Miami (APP) 3 - Kingsport 3 |
| BOTTOM OF THE 6TH |
|
Kingsport Mets batting - Pitching for Miami (APP) Marlins : RHP Leon Valle
|
|
Pitching: RHP Carlos Segura
|
|
|
Batting: RHB Chris Artz
|
0-0: Ball 1-0: Foul Ball, location: 2F 1-1: Swinging Strike 1-2: Ball 2-2: Strikes out swinging
|
|
Batting: RHB Warren Carmichael
|
0-0: Swinging Strike 0-1: Ball 1-1: Ball 2-1: Foul Ball, location: 2F 2-2: Foul Ball, location: 2F 2-2: SINGLE (Line Drive, 78S, EV 110.0 MPH)
|
|
Batting: RHB Artyom Shavkunov
|
0-0: Called Strike Warren Carmichael steals 2nd base 0-1: Foul Ball, location: 2F 0-2: Strikes out swinging
|
|
Batting: LHB Randolph Brodbeck
|
0-0: Ball 1-0: Called Strike 1-1: Foul Ball, location: 2F 1-2: Ball 2-2: Strikes out swinging
|
| Bottom of the 6th over - 0 runs, 1 hit, 0 errors, 1 left on base; Miami (APP) 3 - Kingsport 3 |
| TOP OF THE 7TH |
|
Miami (APP) Marlins batting - Pitching for Kingsport Mets : RHP Mike Whitaker
|
|
Batting: RHB Hektor Luvian
|
0-0: Called Strike 0-1: Called Strike 0-2: Strikes out swinging
|
|
Batting: RHB Torquato Uso
|
0-0: Called Strike 0-1: Foul Ball, location: 2F 0-2: Strikes out swinging
|
|
Batting: RHB Kazumi Inouye
|
0-0: Called Strike 0-1: Ball 1-1: Foul Ball, location: 2F 1-2: Ground out 4-3 (Groundball, 4, EV 93.1 MPH)
|
| Top of the 7th over - 0 runs, 0 hits, 0 errors, 0 left on base; Miami (APP) 3 - Kingsport 3 |
| BOTTOM OF THE 7TH |
|
Kingsport Mets batting - Pitching for Miami (APP) Marlins : RHP Carlos Segura
|
|
Batting: LHB Rick Vallis
|
0-0: Foul Ball, location: 2F 0-1: Foul Ball, location: 2F 0-2: Strikes out swinging
|
|
Batting: RHB Eric Zylstra
|
0-0: Ball 1-0: DOUBLE (Line Drive, 9LS, EV 101.9 MPH)
|
|
Pitching: LHP Marco Mendez
|
|
|
Batting: SHB Josh Thomson
|
0-0: Called Strike 0-1: Ball 1-1: Ball 2-1: SINGLE (Groundball, 4MD, EV 88.1 MPH) (infield hit) Eric Zylstra to third
|
|
Batting: RHB Dan Muse
|
0-0: Ball 1-0: Called Strike 1-1: Ball 2-1: Foul Ball, location: 2F 2-2: Ball 3-2: Foul Ball, location: 2F 3-2: Base on Balls Josh Thomson to second
|
|
Batting: RHB Craig Alvarado
|
0-0: Called Strike 0-1: Foul Ball, location: 2F 0-2: Ball 1-2: Strikes out swinging
|
|
Batting: RHB Chris Artz
|
0-0: Ball 1-0: Ball 2-0: Foul Ball, location: 2F 2-1: Foul Ball, location: 2F 2-2: Ball 3-2: Fly out, F8 (Flyball, 8LM, EV 72.5 MPH)
|
| Bottom of the 7th over - 0 runs, 2 hits, 0 errors, 3 left on base; Miami (APP) 3 - Kingsport 3 |
| TOP OF THE 8TH |
|
Miami (APP) Marlins batting - Pitching for Kingsport Mets : RHP Mike Whitaker
|
|
Batting: RHB Clark Meagher
|
0-0: Called Strike 0-1: Swinging Strike 0-2: Ball 1-2: Ball 2-2: Strikes out swinging
|
|
Pitching: LHP Antonio Davila
|
|
|
Pinch Hitting: RHB Robbie Gomez
|
0-0: Ball 1-0: Called Strike 1-1: Foul Ball, location: 2F 1-2: Foul Ball, location: 2F 1-2: Foul Ball, location: 2F 1-2: Foul Ball, location: 2F 1-2: Ball 2-2: Ground out 6-3 (Groundball, 6S, EV 59.4 MPH)
|
|
Pitching: RHP Antonio Reyes
|
|
|
Batting: RHB David Martin
|
0-0: Fly out, F9 (Flyball, 9S, EV 86.9 MPH)
|
| Top of the 8th over - 0 runs, 0 hits, 0 errors, 0 left on base; Miami (APP) 3 - Kingsport 3 |
| BOTTOM OF THE 8TH |
|
Kingsport Mets batting - Pitching for Miami (APP) Marlins : LHP Marco Mendez
|
|
Now in LF: Aaron Mamer
|
|
|
Now in CF: Robbie Gomez
|
|
|
Batting: RHB Warren Carmichael
|
0-0: Swinging Strike 0-1: Ball 1-1: Fly out, F7 (Flyball, 7LS, EV 89.4 MPH)
|
|
Batting: RHB Artyom Shavkunov
|
0-0: DOUBLE (Line Drive, 9LM, EV 104.4 MPH)
|
|
Pinch Hitting: RHB Jim Freels
|
0-0: Intentional Walk
|
|
Batting: LHB Rick Vallis
|
0-0: Fielders Choice at 2nd, 3-6 (Groundball, 34, EV 88.8 MPH) Artyom Shavkunov to third
|
|
Batting: RHB Eric Zylstra
|
0-0: Ball 1-0: Foul Ball, location: 2F 1-1: Fly out, F9 (Flyball, 9, EV 95.0 MPH)
|
| Bottom of the 8th over - 0 runs, 1 hit, 0 errors, 2 left on base; Miami (APP) 3 - Kingsport 3 |
| TOP OF THE 9TH |
|
Miami (APP) Marlins batting - Pitching for Kingsport Mets : RHP Antonio Reyes
|
|
Now in CF: Eric Zylstra
|
|
|
Now in RF: Kyle Verkamp
|
|
|
Batting: RHB Axel Moltke
|
0-0: Ball 1-0: Ground out 4-3 (Groundball, 34, EV 88.1 MPH)
|
|
Pinch Hitting: RHB Adrian Bocker
|
0-0: Called Strike 0-1: Foul Ball, location: 2F 0-2: Ball 1-2: Ball 2-2: Foul Ball, location: 2F 2-2: SINGLE (Groundball, 34D, EV 101.2 MPH)
|
|
Batting: RHB Aaron Mamer
|
0-0: Foul Ball, location: 2F 0-1: Ball 1-1: Called Strike 1-2: Foul Ball, location: 2F 1-2: Foul Ball, location: 2F 1-2: Ball 2-2: Foul Ball, location: 2F 2-2: Foul Ball, location: 2F 2-2: Foul Ball, location: 2F 2-2: Fly out, F9 (Flyball, 89S, EV 90.6 MPH)
|
|
Batting: RHB Hektor Luvian
|
0-0: Foul Ball, location: 2F 0-1: Swinging Strike 0-2: Ball 1-2: Strikes out swinging
|
| Top of the 9th over - 0 runs, 1 hit, 0 errors, 1 left on base; Miami (APP) 3 - Kingsport 3 |
| BOTTOM OF THE 9TH |
|
Kingsport Mets batting - Pitching for Miami (APP) Marlins : LHP Marco Mendez
|
|
Now at C: Adrian Bocker
|
|
|
Batting: SHB Josh Thomson
|
0-0: Ball 1-0: Ball 2-0: Ball 3-0: Called Strike 3-1: Fly out, F7 (Flyball, 7D, EV 74.4 MPH)
|
|
Batting: RHB Dan Muse
|
0-0: Called Strike 0-1: Ball 1-1: Swinging Strike 1-2: Strikes out swinging
|
|
Pitching: RHP Willie Mojica
|
|
|
Batting: RHB Craig Alvarado
|
0-0: Ball 1-0: Ball 2-0: Called Strike 2-1: Called Strike 2-2: Reached on error, E5 (Groundball, 5, EV 90.6 MPH)
|
|
Batting: RHB Chris Artz
|
0-0: Called Strike 0-1: Ball 1-1: Ball 2-1: Ground out 5-3 (Groundball, 56, EV 100.6 MPH)
|
| Bottom of the 9th over - 0 runs, 0 hits, 1 error, 1 left on base; Miami (APP) 3 - Kingsport 3 |
| TOP OF THE 10TH |
|
Miami (APP) Marlins batting - Pitching for Kingsport Mets : RHP Antonio Reyes
|
|
Pitching: RHP Frank Emery
|
|
|
Batting: RHB Torquato Uso
|
0-0: Fly out, F9 (Flyball, 89M, EV 88.1 MPH)
|
|
Batting: RHB Kazumi Inouye
|
0-0: Foul Ball, location: 2F 0-1: Foul Ball, location: 2F 0-2: SINGLE (Groundball, 6MD, EV 107.5 MPH)
|
|
Batting: RHB Clark Meagher
|
0-0: Called Strike Kazumi Inouye is caught stealing 2nd base 2-4 0-1: Ball 1-1: Ground out 4-3 (Groundball, 4, EV 103.1 MPH)
|
| Top of the 10th over - 0 runs, 1 hit, 0 errors, 0 left on base; Miami (APP) 3 - Kingsport 3 |
| BOTTOM OF THE 10TH |
|
Kingsport Mets batting - Pitching for Miami (APP) Marlins : RHP Willie Mojica
|
|
Pitching: RHP Kyle Beabout
|
|
|
Batting: RHB Warren Carmichael
|
0-0: Called Strike 0-1: Foul Ball, location: 2F 0-2: Ball 1-2: Ground out 6-3 (Groundball, 6, EV 102.5 MPH)
|
|
Batting: RHB Artyom Shavkunov
|
0-0: Called Strike 0-1: DOUBLE (Groundball, 5L, EV 106.9 MPH)
|
|
Batting: RHB Kyle Verkamp
|
0-0: Intentional Walk
|
|
Batting: LHB Rick Vallis
|
0-0: Grounds into double play, 4-6-3 (Groundball, 4, EV 79.4 MPH)
|
| Bottom of the 10th over - 0 runs, 1 hit, 0 errors, 1 left on base; Miami (APP) 3 - Kingsport 3 |
| TOP OF THE 11TH |
|
Miami (APP) Marlins batting - Pitching for Kingsport Mets : RHP Frank Emery
|
|
Batting: RHB Robbie Gomez
|
0-0: Ball 1-0: Ball 2-0: Called Strike 2-1: Ground out U3 (Groundball, 34S, EV 68.8 MPH)
|
|
Batting: RHB David Martin
|
0-0: Ball 1-0: Foul Ball, location: 2F 1-1: Hit by Pitch
|
|
Batting: RHB Axel Moltke
|
0-0: Ball 1-0: Ball 2-0: Called Strike 2-1: Foul Ball, location: 2F 2-2: Foul Ball, location: 2F 2-2: Fielders Choice at 2nd, 6-4 (Groundball, 6, EV 85.0 MPH)
|
|
Batting: RHB Adrian Bocker
|
0-0: Ball 1-0: Called Strike 1-1: Ball 2-1: Ball 3-1: Base on Balls Axel Moltke to second
|
|
Batting: RHB Aaron Mamer
|
0-0: Foul Ball, location: 2F 0-1: Foul Ball, location: 2F 0-2: Ball 1-2: Fly out, F7 (Flyball, 7S, EV 87.5 MPH)
|
| Top of the 11th over - 0 runs, 0 hits, 0 errors, 2 left on base; Miami (APP) 3 - Kingsport 3 |
| BOTTOM OF THE 11TH |
|
Kingsport Mets batting - Pitching for Miami (APP) Marlins : RHP Kyle Beabout
|
|
Batting: RHB Eric Zylstra
|
0-0: Swinging Strike 0-1: Ball 1-1: Ball 2-1: Swinging Strike 2-2: Foul Ball, location: 2F 2-2: Fly out, F5 (Line Drive, 56, EV 82.5 MPH)
|
|
Batting: SHB Josh Thomson
|
0-0: Ball 1-0: Foul Ball, location: 2F 1-1: Ball 2-1: Ball 3-1: Base on Balls
|
|
Batting: RHB Dan Muse
|
0-0: Called Strike 0-1: Ball Josh Thomson is caught stealing 2nd base 2-4 1-1: Ball 2-1: Ball 3-1: Fly out, F4 (Flyball, 34D, EV 91.9 MPH)
|
| Bottom of the 11th over - 0 runs, 0 hits, 0 errors, 0 left on base; Miami (APP) 3 - Kingsport 3 |
| TOP OF THE 12TH |
|
Miami (APP) Marlins batting - Pitching for Kingsport Mets : RHP Frank Emery
|
|
Batting: RHB Hektor Luvian
|
0-0: Ground out 4-3 (Groundball, P, EV 83.8 MPH)
|
|
Batting: RHB Torquato Uso
|
0-0: SOLO HOME RUN (Flyball, 7D, EV 93.8 MPH), Distance : 373 ft
|
|
Batting: RHB Kazumi Inouye
|
0-0: Fly out, F7 (Flyball, 78S, EV 93.1 MPH)
|
|
Batting: RHB Clark Meagher
|
0-0: Ball 1-0: Foul Ball, location: 2F 1-1: SINGLE (Groundball, 56D, EV 98.8 MPH)
|
|
Batting: RHB Robbie Gomez
|
0-0: Called Strike 0-1: Ball 1-1: Ball 2-1: Ball 3-1: Foul Ball, location: 2F 3-2: Foul Ball, location: 2F 3-2: Foul Ball, location: 2F 3-2: Foul Ball, location: 2F 3-2: Foul Ball, location: 2F 3-2: Base on Balls Clark Meagher to second
|
|
Pitching: RHP Justin Vallis
|
|
|
Batting: RHB David Martin
|
0-0: Swinging Strike 0-1: Ball 1-1: Ball 2-1: Swinging Strike 2-2: Strikes out swinging
|
| Top of the 12th over - 1 run, 2 hits, 0 errors, 2 left on base; Miami (APP) 4 - Kingsport 3 |
| BOTTOM OF THE 12TH |
|
Kingsport Mets batting - Pitching for Miami (APP) Marlins : RHP Kyle Beabout
|
|
Pitching: LHP Matt Rielly
|
|
|
Batting: RHB Craig Alvarado
|
0-0: Ball 1-0: SINGLE (Flyball, 89M, EV 83.8 MPH)
|
|
Batting: RHB Chris Artz
|
0-0: Ball 1-0: Called Strike 1-1: Foul Ball, location: 2F 1-2: Ball 2-2: Ball 3-2: Foul Ball, location: 2F 3-2: Base on Balls Craig Alvarado to second
|
|
Batting: RHB Warren Carmichael
|
0-0: Ball 1-0: Fielders Choice at 2nd, 6-4 (Groundball, 6, EV 86.2 MPH) Craig Alvarado to third
|
|
Batting: RHB Artyom Shavkunov
|
0-0: Ball 1-0: SINGLE (Groundball, 56D, EV 111.9 MPH) Craig Alvarado scores Warren Carmichael to second
|
|
Batting: RHB Kyle Verkamp
|
0-0: Foul Ball, location: 2F 0-1: Ball 1-1: Fielders Choice at 2nd, 6-4 (Groundball, 6, EV 91.9 MPH) Warren Carmichael to third
|
|
Batting: LHB Rick Vallis
|
0-0: Called Strike 0-1: Ball 1-1: Foul Ball, location: 2F 1-2: Strikes out swinging
|
| Bottom of the 12th over - 1 run, 2 hits, 0 errors, 2 left on base; Miami (APP) 4 - Kingsport 4 |
| TOP OF THE 13TH |
|
Miami (APP) Marlins batting - Pitching for Kingsport Mets : RHP Justin Vallis
|
|
Batting: RHB Axel Moltke
|
0-0: Called Strike 0-1: Ball 1-1: Swinging Strike 1-2: Foul Ball, location: 2F 1-2: Foul Ball, location: 2F 1-2: Foul Ball, location: 2F 1-2: Ball 2-2: SINGLE (Line Drive, 7S, EV 105.0 MPH)
|
|
Batting: RHB Adrian Bocker
|
0-0: Sac Bunt to 13S - play at first, batter OUT! 1-3 Axel Moltke to second
|
|
Batting: RHB Aaron Mamer
|
0-0: Intentional Walk
|
|
Batting: RHB Hektor Luvian
|
0-0: Swinging Strike 0-1: Swinging Strike 0-2: Foul Ball, location: 2F 0-2: Ball 1-2: Strikes out swinging
|
|
Pitching: RHP Jeremy Delka
|
|
|
Batting: RHB Torquato Uso
|
0-0: Called Strike 0-1: Foul Ball, location: 2F 0-2: Ball 1-2: Foul Ball, location: 2F 1-2: Ball Wild Pitch! Axel Moltke to third Aaron Mamer to second 2-2: Ground out 5-3 (Groundball, 56, EV 81.9 MPH)
|
| Top of the 13th over - 0 runs, 1 hit, 0 errors, 2 left on base; Miami (APP) 4 - Kingsport 4 |
| BOTTOM OF THE 13TH |
|
Kingsport Mets batting - Pitching for Miami (APP) Marlins : LHP Matt Rielly
|
|
Batting: RHB Eric Zylstra
|
0-0: Called Strike 0-1: Ball 1-1: SINGLE (Line Drive, 4MD, EV 96.9 MPH)
|
|
Batting: SHB Josh Thomson
|
0-0: Ball 1-0: Ball 2-0: Ball 3-0: Called Strike 3-1: Bunt - Flyout to 15S - DP at third! 1-3
|
|
Batting: RHB Dan Muse
|
0-0: Swinging Strike 0-1: TRIPLE (Line Drive, 8RXD, EV 110.6 MPH)
|
|
Batting: RHB Craig Alvarado
|
0-0: Intentional Walk
|
|
Batting: RHB Chris Artz
|
0-0: Swinging Strike 0-1: Ball 1-1: Ball 2-1: Foul Ball, location: 2F 2-2: Ball 3-2: Foul Ball, location: 2F 3-2: 3-RUN HOME RUN (Flyball, 89XD, EV 96.2 MPH), Distance : 393 ft
|
| Bottom of the 13th over - 3 runs, 3 hits, 0 errors, 0 left on base; Miami (APP) 4 - Kingsport 7 |
|